 Dungeon Crawl Stone Soup version 0.20-a0-785-g17250f0 (webtiles) character file.

2746 Alarkh the Thaumaturge (level 9, 49/57 HPs)
             Began as a Mummy Summoner on Feb 27, 2017.
             Was an Initiate of Gozag.
             Quit the game on level 8 of the Dungeon.
             The game lasted 00:11:55 (8391 turns).

Alarkh the Thaumaturge (Mummy Summoner)             Turns: 8391, Time: 00:11:55

Health: 49/57      AC:  6    Str: 12    XL:     9   Next: 41%
Magic:  22/31      EV: 12    Int: 14    God:    Gozag
Gold:   567        SH:  0    Dex: 15    Spells: 7/26 levels left

rFire    x . .     SeeInvis .   a - +4 spear (venom)
rCold    + . .     Gourm    .   f - +0 robe
rNeg     + + +     Faith    .   (no shield)
rPois    ∞         Spirit   +   g - +0 helmet
rElec    .         Reflect  .   u - +0 cloak of the Insatiable Eyes {MP+9}
rCorr    .         Harm     .   c - +0 pair of gloves
MR       ++...                  o - +0 pair of boots
Stlth    ++........             j - amulet of guardian spirit
Regen    0.2/turn               (no ring)
MPRegen  0.3/turn               y - ring "Duasiot" {MR+ Int-3 Dex+3}

@: no status effects
A: no food or potions, fire vulnerability, cold resistance 1, negative energy
resistance 3, torment resistance, unbreathing
a: Potion Petition, Call Merchant, Bribe Branch, Renounce Religion


You were on level 8 of the Dungeon.
You worshipped Gozag.
Gozag was pleased with you.
You were not hungry.

You visited 2 branches of the dungeon, and saw 9 of its levels.

You collected 653 gold pieces.
You paid 86 gold pieces to Gozag.

Inventory:

Hand Weapons
 a - a +4 spear of venom (weapon)
 b - a +0 morningstar of crushing
 r - a +0 quarterstaff
Armour
 c - a +0 pair of gloves (worn)
 d - a +0 buckler
 f - a +0 robe (worn)
 g - a +0 helmet (worn)
 o - a +0 pair of boots (worn)
 u - the +0 cloak of the Insatiable Eyes (worn) {MP+9}
   (You found it on level 6 of the Dungeon)

   It affects your magic capacity (+9).
 x - a +0 shield of protection
 A - the +0 scale mail of Makhleb's Supremacy {Str+2 Dex+6}
   (You found it on level 7 of the Dungeon)

   It affects your strength (+2).
   It affects your dexterity (+6).
Jewellery
 j - an amulet of guardian spirit (around neck)
 y - the ring "Duasiot" (left hand) {MR+ Int-3 Dex+3}
   (You found it on level 7 of the Dungeon)

   [ring of intelligence]

   It affects your intelligence (-3).
   It affects your dexterity (+3).
   It affects your resistance to hostile enchantments.
Wands
 v - a wand of digging (7/24)
Scrolls
 e - 6 scrolls of teleportation
 h - 2 scrolls of remove curse
 k - a scroll of fog {unknown}
 l - a scroll of enchant armour {unknown}
 m - a scroll of identify {unknown}
 n - a scroll of immolation {unknown}
 q - a scroll of noise {unknown}
 s - a scroll of magic mapping
 w - a scroll of enchant weapon {unknown}
 z - a scroll of amnesia {unknown}
Books
 i - a book of Callings

   Spells                             Type                      Level
   a - Summon Small Mammal            Summoning                    1
   b - Call Imp                       Summoning                    2
   c - Call Canine Familiar           Summoning                    3
   d - Summon Guardian Golem          Hexes/Summoning              3
   e - Summon Lightning Spire         Summoning/Air                4
   f - Summon Ice Beast               Ice/Summoning                4
 p - a book of Misfortune

   Spells                             Type                      Level
   a - Confusing Touch                Hexes                        1
   b - Confuse                        Hexes                        3
   c - Gell's Gravitas                Translocation                3
   d - Petrify                        Transmutation/Earth          4
   e - Metabolic Englaciation         Hexes/Ice                    5
   f - Yara's Violent Unravelling     Hexes/Transmutation          5
 t - a book of Minor Magic

   Spells                             Type                      Level
   a - Magic Dart                     Conjuration                  1
   b - Blink                          Translocation                2
   c - Call Imp                       Summoning                    2
   d - Slow                           Hexes                        2
   e - Conjure Flame                  Conjuration/Fire             3
   f - Mephitic Cloud                 Conjuration/Poison/Air       3


   Skills:
 * Level 3.3 Polearms
 - Level 1.5 Dodging
 - Level 1.5 Stealth
 + Level 9.0 Spellcasting
 * Level 2.8 Conjurations
 * Level 8.4 Summonings


You had 7 spell levels left.
You knew the following spells:

 Your Spells              Type           Power        Failure   Level  Hunger
a - Call Canine Familiar  Summ           ####....     1%          3    N/A
b - Summon Small Mammal   Summ           ####         1%          1    N/A
c - Summon Guardian Gole  Hex/Summ       ###.....     10%         3    N/A
d - Summon Ice Beast      Ice/Summ       ###.....     24%         4    N/A
e - Blink                 Tloc           N/A          21%         2    N/A
f - Conjure Flame         Conj/Fire      ##......     21%         3    N/A
g - Mephitic Cloud        Conj/Pois/Air  #.......     24%         3    N/A

Dungeon Overview and Level Annotations

Branches:
Dungeon (8/15)             Temple (1/1) D:6
   Lair: D:8-11

Altars:
Ashenzari
Cheibriados
Dithmenos
Elyvilon
Fedhas
Gozag
Hepliaklqana
Kikubaaqudgha
Nemelex Xobeh
Okawaru
Qazlal
Ru
Sif Muna
Trog
Uskayaw
Vehumet
Wu Jian
Xom
Yredelemnul
Zin
The Shining One


Innate Abilities, Weirdness & Mutations

You do not eat or drink.
Your flesh is vulnerable to fire.
You are immune to poison.
Your flesh is cold resistant. (rC+)
You are immune to negative energy. (rN+++)
You are immune to unholy pain and torment.
You can survive without breathing.


Message History

Your ice beast closely misses Voxish's ghost.
You hit Voxish's ghost.
Voxish's ghost is almost destroyed.
Voxish's ghost hits you.
Your ice beast closely misses Voxish's ghost.
Your hound closely misses Voxish's ghost.
You hit Voxish's ghost.
Voxish's ghost is almost destroyed.
Your ice beast closely misses Voxish's ghost.
Your hound bites Voxish's ghost but does no damage.
Voxish's ghost misses your hound.
Your ice beast hits Voxish's ghost.
Your ice beast freezes Voxish's ghost.
Voxish's ghost resists.
Voxish's ghost is destroyed!
Your Polearms skill increases to level 3!
Your Spellcasting skill increases to level 9!
Unknown command.
You now have 567 gold pieces (gained 3).
There is a stone staircase leading up here.
Found a stone staircase leading down.
Are you sure you want to abandon this character and quit the game? (Confirm with "yes".)

#.#### #.> #..... #.#
#.#### # #.# ####.# #
#.####.# #....# # ...#.#
####.# # #.#.# ####)# ##
# #.#h########....###.
.. #@.YY...........!.
################..<.####
......#.......#####.#
#.#.#####.# #.# #.#.#
#.#####.#
#.#....##....#.(#
#.####.#####.#.## # #
#.r.# ##.##


You could see 2 friendly ice beasts and a friendly hound.

Vanquished Creatures
  Menkaure (D:4)
  A water moccasin (D:5)
  An ogre (D:5)
  4 centaurs
  2 bullfrogs (D:7)
  4 scorpions
  2 crimson imps (D:5)
  A bullfrog zombie (D:5)
  A centaur zombie (D:6)
  An orc priest (D:8)
  A gnoll shaman (D:3)
  2 hounds
  7 orc wizards
  5 worker ants
  A worker ant zombie (D:5)
  16 gnolls
  7 adders
  A shadow imp (D:6)
  2 oozes
  An adder zombie (D:5)
  3 worms
  A dart slug (D:1)
  3 leopard geckos
  10 orcs
  A ball python (D:4)
  5 giant cockroaches
  2 goblins
  4 hobgoblins
  16 jackals
  5 kobolds
  3 quokkas
  3 bats
  4 frilled lizards
  A quokka skeleton (D:6)
  6 rats
128 creatures vanquished.

Vanquished Creatures (collateral kills)
  The ghost of Voxish the Carver, a novice DgGl (D:8)
  The ghost of nono the Skirmisher, a novice VSHu of Okawaru (D:7)
  The ghost of Gorglomux the Slinger, an amateur HaHu (D:4)
  A hippogriff (D:7)
  2 phantoms
  An ogre (D:5)
  An adder (D:7)
  A worm (D:2)
  2 leopard geckos (D:1)
  3 bats (D:1)
  A giant cockroach (D:1)
  3 goblins
  2 hobgoblins (D:1)
  5 jackals
  3 rats (D:1)
28 creatures vanquished.

Grand Total: 156 creatures vanquished

Notes
Turn   | Place    | Note
-------+----------+-------------------------------------------
     0 | D:1      | Alarkh the Mummy Summoner began the quest for the Orb.
     0 | D:1      | Reached XP level 1. HP: 13/13 MP: 4/4
    69 | D:1      | Reached skill level 3 in Spellcasting
   250 | D:1      | Reached XP level 2. HP: 4/19 MP: 0/6
  1559 | D:2      | Reached XP level 3. HP: 16/24 MP: 8/8
  1564 | D:2      | Learned a level 3 spell: Call Canine Familiar
  1683 | D:2      | Found a deep blue altar of Sif Muna.
  1919 | D:2      | Reached skill level 4 in Spellcasting
  2774 | D:3      | Reached XP level 4. HP: 30/30 MP: 10/10
  2782 | D:3      | Learned a level 3 spell: Summon Guardian Golem
  2787 | D:3      | Learned a level 4 spell: Summon Ice Beast
  3046 | D:3      | Found a bloodstained altar of Trog.
  3046 | D:3      | Found a shadowy altar of Dithmenos.
  3046 | D:3      | Found a shattered altar of Ashenzari.
  3165 | D:3      | Found a shimmering altar of Xom.
  3742 | D:3      | Reached skill level 5 in Spellcasting
  3742 | D:3      | Reached XP level 5. HP: 16/35 MP: 10/12
  3838 | D:3      | Found a sacrificial altar of Ru.
  3901 | D:4      | Noticed Menkaure
  3995 | D:4      | Killed Menkaure
  4393 | D:4      | Reached XP level 6. HP: 41/41 MP: 14/14
  4412 | D:4      | Reached skill level 6 in Spellcasting
  4540 | D:4      | Reached skill level 5 in Summonings
  4707 | D:4      | Noticed Gorglomux's ghost (amateur HaHu)
  4729 | D:4      | Killed Gorglomux's ghost
  4729 | D:4      | Reached XP level 7. HP: 45/46 MP: 11/17
  5397 | D:4      | Found a snail-covered altar of Cheibriados.
  5560 | D:4      | Reached skill level 7 in Spellcasting
  5787 | D:5      | Entered Level 5 of the Dungeon
  5848 | D:5      | Found a blossoming altar of Fedhas.
  5899 | D:5      | Reached XP level 8. HP: 32/52 MP: 12/19
  6097 | D:5      | Found an opulent altar of Gozag.
  6154 | D:5      | Reached skill level 8 in Spellcasting
  6196 | D:5      | Became a worshipper of Gozag Ym Sagoz the Greedy
  6709 | D:6      | Found a staircase to the Ecumenical Temple.
  6720 | Temple   | Entered the Ecumenical Temple
  7146 | D:6      | Reached skill level 1 in Polearms
  7155 | D:6      | Learned a level 2 spell: Blink
  7159 | D:6      | Learned a level 3 spell: Conjure Flame
  7163 | D:6      | Learned a level 3 spell: Mephitic Cloud
  7210 | D:6      | Got a twisted cloak
  7216 | D:6      | Identified the +0 cloak of the Insatiable Eyes {MP+9} (You found it on level 6 of the Dungeon)
  7482 | D:6      | Found a stormy altar of Qazlal.
  7617 | D:7      | Reached skill level 1 in Conjurations
  7715 | D:7      | Noticed nono's ghost (novice VSHu)
  7751 | D:7      | Killed nono's ghost
  7820 | D:7      | Reached XP level 9. HP: 33/57 MP: 21/21
  7988 | D:7      | Got a steaming wooden ring
  8043 | D:7      | Identified the cursed ring "Duasiot" {MR+ Int-3 Dex+3} (You found it on level 7 of the Dungeon)
  8154 | D:7      | Got an ancient scale mail
  8165 | D:7      | Identified the cursed +0 scale mail of Makhleb's Supremacy {Str+2 Dex+6} (You found it on level 7 of the Dungeon)
  8333 | D:8      | Noticed Voxish's ghost (novice DgGl)
  8377 | D:8      | Killed Voxish's ghost
  8377 | D:8      | Reached skill level 9 in Spellcasting
  8391 | D:8      | Quit the game

Vault maps used:
D:1:      tarquinn_simple_flora_water_b
D:2:      nicolae_overflow_crystal_walls
D:3:      nicolae_ru_the_path_less_chosen, xom_butterflies,
          gammafunk_temple_overflow_claw
D:4:      minmay_diamond_boxcup, cheibriados_altar_1, first_bread, uniq_menkaure
D:5:      nicolae_gozag_cash_rules_everything_around_me, fedhas_altar_4
D:6:      minmay_temple_entry_junction, nicolae_qazlal_eye_of_the_storm
D:8:      marbit_many_paths, serial_co_window_serial, co_window_corner_a,
          co_window_of_opportunity_a, co_window_cross_1, co_window_paths_a,
          co_window_corner_a, co_window_of_opportunity_c, co_window_broadway_c,
          co_window_corner_cb, co_window_4corner_a, co_window_4corner_b,
          glass_columns_b, glass_columns_c, glass_columns_b, glass_columns_b,
          serial_shops, shop, kennysheep_mini, shop, grunt_ogre_cave,
          uniq_erica, uniq_grum
Temple:   minmay_temple_bridge_abc

Skill      XL: |  1  2  3  4  5  6  7  8  9 |
---------------+----------------------------+-----
Spellcasting   | 3 4 5 6 7 8 9 |  9.0
Summonings     | 4 5 7 8 |  8.4
Polearms       | 2 3 |  3.3
Conjurations   | 1 2 |  2.8
Dodging        | |  1.5
Stealth        | |  1.5

Action                   |  1- 3 |  4- 6 |  7- 9 || total
-------------------------+-------+-------+-------++-------
Melee: Unarmed           |    73 |       |       ||    73
       Dagger            |    74 |   103 |    30 ||   207
       Morningstar       |       |    13 |     2 ||    15
       Spear             |       |       |   289 ||   289
 Cast: Summon Small Mamm |    42 |     7 |     5 ||    54
       Call Canine Famil |     2 |     4 |     7 ||    13
       Summon Ice Beast  |       |       |     2 ||     2
  Use: Scroll            |     1 |     1 |     3 ||     5
 Stab: Sleeping          |       |     1 |     5 ||     6
       Distracted        |       |     1 |     1 ||     2
Armor: Robe              |    43 |    13 |    69 ||   125
Dodge: Dodged            |   124 |    73 |   200 ||   397
